 Dungeon Sprint DCSS version 0.31-a0-841-g038b102fc3 (webtiles) character file.

Game seed: 4573897549078937320

7279 sircluck the Brawler (level 10, -24/119 HPs)
             Began as a Troll Berserker on Sept 27, 2023.
             Was the Champion of Trog.
             Annihilated by a demonic crawler (45 damage)
             ... in the Dungeon (Sprint VII: "The Pits").
             The game lasted 00:02:09 (699 turns).

sircluck the Brawler (Troll Berserker)               Turns: 699, Time: 00:02:10

Health: -24/119    AC:  4    Str: 34    XL:     10   Next: 89%
Magic:  9/9        EV:  1    Int:  3    God:    Trog [******]
Gold:   0          SH:  0    Dex:  9    Spells: 9/9 levels left

rFire   . .          .
                       - Unarmed
rCold   . . .        (no shield)
rNeg    . . .        a - +0 animal skin
rPois   .            (helmet restricted)
rElec   .            (no cloak)
rCorr   .            (gloves unavailable)
SInv    .            (boots unavailable)
Will    .....        (no amulet)
Stlth   +            k - +3 ring of evasion
HPRegen 1.19/turn    l - +3 ring of strength
MPRegen 0.11/turn

%: no teleportation
@: sleeping, on berserk cooldown, mesmerised, slowed
A: large, unfitting armour, claws 3, regeneration 1, shaggy fur 1, tough skin 1
a: Renounce Religion, Berserk, Trog's Hand, Brothers in Arms


You were in the Dungeon.
You worshipped Trog.
Trog was exalted by your worship.
You visited 1 branch

Inventory:

Armour
 a - a +0 animal skin (worn)
Jewellery
 k - a +3 ring of evasion (left claw)
 l - a +3 ring of strength (right claw)
Scrolls
 g - a scroll of blinking
 i - 2 scrolls of vulnerability
Potions
 b - 7 potions of curing
 c - 13 potions of heal wounds
 d - a potion of haste
 e - 4 potions of magic
 f - 3 potions of berserk rage
 h - 2 potions of invisibility
 m - a potion of mutation


   Skills:
 + Level 13.4 Fighting
 + Level 13.2 Dodging
 + Level 15.5 Unarmed Combat


You had 9 spell levels left.
You didn't know any spells.
Your spell library was empty.

Dungeon Overview and Level Annotations

Branches:
Dungeon (1/1)

Altars:
Ashenzari
Cheibriados
Dithmenos
Elyvilon
Fedhas
Gozag
Hepliaklqana
Kikubaaqudgha
Makhleb
Nemelex Xobeh
Okawaru
Qazlal
Ru
Sif Muna
Trog
Uskayaw
Vehumet
Wu Jian
Xom
Yredelemnul
Zin
The Shining One
Jiyva
Lugonu


Innate Abilities, Weirdness & Mutations

You are too large for most types of armour.
You have claws for hands.
Your natural rate of healing is unusually fast.
You are covered in fur. (AC +1)
You have tough skin. (AC +1)


Message History

The dream sheep bites you!
The merfolk avatar chants its luring song.
Your iron troll bites the skeletal warrior!!
Your iron troll claws the skeletal warrior. x2
The skeletal warrior hits your iron troll with a +0 trident!!
The dream sheep bites you!
* * * LOW HITPOINT WARNING * * *
Unknown command.
Unknown command.
Read: scroll of butterflies
Press: ? - help, Q - select action, (/) - cycle Dir - look around, f - activate Look: an iron troll (lightly wounded, summoned, berserk, friendly)
As you read the scroll of butterflies, it crumbles to dust.
You hear the flapping of tiny wings.
The dream sheep is knocked back by the sudden gust.
The merfolk avatar is knocked back by the sudden gust.
The demonic crawler is knocked back by the sudden gust.
The dream sheep is knocked back by the sudden gust.
The skeletal warrior is knocked back by the sudden gust.
Your iron troll is knocked back by the sudden gust.
The pull of its song draws you forwards.
You swap places with your butterfly.
The demonic crawler closely misses your butterfly.
The demonic crawler hits your butterfly!
Your butterfly dies!
Your butterfly disappears in a burst of colours!
The merfolk avatar chants its luring song.
The dream sheep misses your butterfly.
The skeletal warrior hits your iron troll with a +0 trident.
The dream sheep bites you!
* * * LOW HITPOINT WARNING * * *
The dream sheep shake their wool and sparkle.
You feel drowsy...
You fall asleep.
Your iron troll closely misses the skeletal warrior.
Your iron troll claws the skeletal warrior! x2
The skeletal warrior is destroyed!
Trog accepts your kill.
The merfolk avatar chants its luring song.
The demonic crawler hits you!!!
You die...

#####+##.†.....###
.....)....).......
....
.....##+##........
.... ###..#
#..###+## .....
#..# #).# ....
+..##+##..+ Y..
#.........####+#.#
#........bbbbTbYm#
#...####+##bbb@YY#
....#


#bbbsbb# . #bbbbb.# ## ######## You could see a merfolk avatar (mesmerising), a
demonic crawler (ally target), 4 dream sheep and a friendly iron troll
(summoned, berserk).

Vanquished Creatures
  2 two-headed ogres (D)
  2 skeletal warriors (D)
  A flayed ghost (D)
  An orc sorcerer (D)
  An orange demon (D)
  A komodo dragon (D)
  A guardian mummy (D)
  2 tyrant leeches (D)
  A kobold brigand (D)
  A crimson imp (D)
  A gnoll bouda (D)
  2 orc priests (D)
  An iron imp (D)
  A hell rat (D)
  A gnoll (D)
  A river rat (D)
  2 white imps (D)
  An ufetubus (D)
  A worm (D)
  2 orcs (D)
  3 bats (D)
  A bat zombie (D)
  3 goblins (D)
  A hobgoblin (D)
  2 ball python skeletons (D)
  A ball python zombie (D)
  2 frilled lizards (D)
  A jackal zombie (D)
  A rat (D)
41 creatures vanquished.

Vanquished Creatures (collateral kills)
  A skeletal warrior (D)
  A deep troll (D)
  A black mamba (D)
  A smoke demon (D)
  Joseph (D)
  3 dream sheep (D)
  A jumping spider (D)
  A hound (D)
  A jackal zombie (D)
11 creatures vanquished.

Grand Total: 52 creatures vanquished

Notes
Turn   | Place    | Note
-------+----------+-------------------------------------------
     0 | D        | sircluck the Troll Berserker began the quest for the Orb.
     0 | D        | Reached XP level 1. HP: 22/22 MP: 0/0
    28 | D        | Found a bloodstained altar of Trog.
    28 | D        | Found a shimmering blue altar of Sif Muna.
    28 | D        | Found a viscous altar of Jiyva.
    28 | D        | Found a hazy altar of Hepliaklqana.
    28 | D        | Found an opulent altar of Gozag.
    29 | D        | Found a glowing golden altar of the Shining One.
    29 | D        | Found a glowing silver altar of Zin.
    29 | D        | Found a basalt altar of Yredelemnul.
    29 | D        | Found a shimmering altar of Xom.
    29 | D        | Found an ornate altar of the Wu Jian Council.
    29 | D        | Found a sacrificial altar of Ru.
    29 | D        | Found a stormy altar of Qazlal.
    29 | D        | Found an iron altar of Okawaru.
    29 | D        | Found a sparkling altar of Nemelex Xobeh.
    29 | D        | Found a burning altar of Makhleb.
    29 | D        | Found a blossoming altar of Fedhas.
    29 | D        | Found a white marble altar of Elyvilon.
    29 | D        | Found a shadowy altar of Dithmenos.
    29 | D        | Found a snail-covered altar of Cheibriados.
    32 | D        | Found a corrupted altar of Lugonu.
    32 | D        | Found a radiant altar of Vehumet.
    33 | D        | Found an ancient bone altar of Kikubaaqudgha.
    33 | D        | Found a hide-covered altar of Uskayaw.
    33 | D        | Found a broken altar of Ashenzari.
    71 | D        | Reached ** piety under Trog
    81 | D        | Reached XP level 2. HP: 31/31 MP: 1/1
    91 | D        | Reached skill level 4 in Unarmed Combat
   102 | D        | Reached *** piety under Trog
   106 | D        | Reached XP level 3. HP: 36/39 MP: 2/2
   162 | D        | Reached **** piety under Trog
   166 | D        | Reached skill level 5 in Unarmed Combat
   173 | D        | Reached XP level 4. HP: 32/49 MP: 3/3
   174 | D        | Reached ***** piety under Trog
   205 | D        | Noticed a tyrant leech
   217 | D        | Killed a tyrant leech
   218 | D        | Reached skill level 7 in Unarmed Combat
   218 | D        | Reached XP level 5. HP: 43/61 MP: 4/4
   218 | D        | Reached XP level 6. HP: 48/68 MP: 5/5
   246 | D        | Reached skill level 8 in Unarmed Combat
   247 | D        | Received a gift from Trog
   257 | D        | Noticed a guardian mummy
   257 | D        | Noticed an orc sorcerer
   261 | D        | Noticed an orange demon
   271 | D        | Killed a guardian mummy
   272 | D        | Reached skill level 9 in Unarmed Combat
   272 | D        | Reached XP level 7. HP: 25/80 MP: 6/6
   274 | D        | Noticed a sun demon
   274 | D        | Killed an orc sorcerer
   275 | D        | Reached skill level 10 in Unarmed Combat
   275 | D        | Reached XP level 8. HP: 31/92 MP: 7/7
   385 | D        | Noticed a tyrant leech
   396 | D        | Killed a tyrant leech
   397 | D        | Reached skill level 11 in Unarmed Combat
   398 | D        | Reached ****** piety under Trog
   434 | D        | Noticed an orange demon
   442 | D        | Killed an orange demon
   497 | D        | Noticed a komodo dragon
   502 | D        | Killed a komodo dragon
   503 | D        | Reached skill level 10 in Fighting
   503 | D        | Reached skill level 10 in Dodging
   510 | D        | Noticed a jumping spider
   513 | D        | Noticed a black mamba
   514 | D        | Noticed a smoke demon
   516 | D        | Noticed a dream sheep
   517 | D        | Killed a black mamba
   517 | D        | Received a gift from Trog
   518 | D        | Reached skill level 12 in Unarmed Combat
   518 | D        | Reached XP level 9. HP: 102/102 MP: 8/8
   522 | D        | Killed a smoke demon
   523 | D        | Reached skill level 13 in Unarmed Combat
   530 | D        | Noticed Joseph
   534 | D        | Killed Joseph
   534 | D        | Received a gift from Trog
   549 | D        | Noticed a deep troll
   553 | D        | Killed a deep troll
   554 | D        | Reached XP level 10. HP: 115/115 MP: 9/9
   655 | D        | Noticed a two-headed ogre
   656 | D        | Noticed a two-headed ogre
   662 | D        | Noticed a skeletal warrior
   666 | D        | Killed a two-headed ogre
   667 | D        | Reached skill level 14 in Unarmed Combat
   668 | D        | Noticed a skeletal warrior
   670 | D        | Killed a two-headed ogre
   671 | D        | Noticed a flayed ghost
   676 | D        | Killed a skeletal warrior
   679 | D        | Killed a skeletal warrior
   680 | D        | Reached skill level 15 in Unarmed Combat
   682 | D        | Killed a flayed ghost
   687 | D        | Noticed a merfolk avatar
   692 | D        | Received a gift from Trog
   692 | D        | Noticed a skeletal warrior
   694 | D        | Noticed a demonic crawler
   698 | D        | Killed a skeletal warrior
   699 | D        | Annihilated by a demonic crawler

Illustrated notes

Levels and vault maps discovered:
D:        pitsprint [storerooms_1, entrance_room_1, metal_vault_8, armoury_2,
          mini_pit_1, grid_room_1, main_hall_1, silver_pit, the_coven_2,
          the_vestibule_1, steel_vault_3, golden_pit, hallway_of_sentries,
          crystal_vault_4, iron_vault_2, final_vault]

Skill      XL: |  1  2  3  4  5  6  7  8  9 10 |
---------------+-------------------------------+-----
Fighting       | 3 4 6 8 9 10 11 13 | 13.4
Dodging        | 3 4 6 8 9 10 11 13 | 13.2
Unarmed Combat | 4 5 7 9 10 12 13 15 | 15.5

Action                     |  1- 3 |  4- 6 |  7- 9 | 10-12 || total
---------------------------+-------+-------+-------+-------++-------
  Melee: Unarmed           |    37 |    38 |    18 |    22 ||   115
         Punch             |       |     1 |     1 |     5 ||     7
 Invoke: Berserk           |       |     1 |     2 |     1 ||     4
         Brothers in Arms  |       |       |     1 |     1 ||     2
    Use: Scroll            |       |       |       |     1 ||     1
         Potion            |       |       |       |     1 ||     1
 Armour: Animal skin       |    36 |    15 |    10 |    13 ||    74
  Dodge: Dodged            |    27 |    14 |     6 |    15 ||    62

Table legend: (Time is in decaauts)
 A = Elapsed time spent in this place.
 B = Non-inter-level travel time spent in this place.
 C = Inter-level travel time spent in this place.
 D = Time resting spent in this place.
 E = Time spent auto-exploring this place.
 F = Levels seen in this place.
 G = Mean time per level.
                   A        B        C        D        E       F      G
               +--------+--------+--------+--------+--------+-----+--------+
         Total |    710 |    653 |     57 |    237 |     97 |   1 |  710.0 |
       Dungeon |    710 |    653 |     57 |    237 |     97 |   1 |  710.0 |
               +--------+--------+--------+--------+--------+-----+--------+

Top non-repeatable levels by time:
       D: 710 daAuts
